 Dungeon Crawl Stone Soup version 0.25-a0-565-g8875c97 (webtiles) character file.

Game seed: 15946056421134888844, levelgen mode: deterministic

173 tyvek the Ruffian (level 5, 0/44 HPs)
             Began as a Draconian Transmuter on Feb 26, 2020.
             Slain by a worm (4 damage)
             ... on level 3 of the Dungeon.
             The game lasted 00:07:49 (2628 turns).

tyvek the Ruffian (Draconian Transmuter)            Turns: 2628, Time: 00:07:49

Health: 0/44       AC:  9    Str: 13    XL:     5   Next: 28%
Magic:  7/8        EV: 12    Int: 13    God:
Gold:   104        SH:  0    Dex: 12    Spells: 5/8 levels left

rFire    . . .     SeeInvis .   b - +3 dagger
rCold    . . .     Gourm    .   (no shield)
rNeg     + . .     Faith    .   (armour unavailable)
rPois    .         Spirit   .   (helmet restricted)
rElec    .         Reflect  .   j - +0 cloak
rCorr    .         Harm     .   h - +2 pair of gloves
MR       +....                  (no boots)
Stlth    +.........             (no amulet)
HPRegen  0.14/turn              k - ring of positive energy {rN+}
MPRegen  0.11/turn              l - ring of protection from magic {MR+, !d}

@: no status effects
A: unfitting armour, cold-blooded, AC +5
a: no special abilities


You were on level 3 of the Dungeon.
You were near starving.

You visited 1 branch of the dungeon, and saw 3 of its levels.

You collected 104 gold pieces.

Inventory:

Hand Weapons
 b - a +3 dagger (weapon)
   (You took it off a goblin on level 1 of the Dungeon)
Missiles
 d - 68 stones (quivered)
 e - 27 sling bullets
Armour
 h - a +2 pair of gloves (worn)
   (You found it on level 2 of the Dungeon)
 j - a +0 cloak (worn)
   (You found it on level 2 of the Dungeon)
Magical Staves
 r - an uncursed staff of fire {rF+}
   (You found it on level 3 of the Dungeon)
Jewellery
 k - a ring of positive energy (left hand) {rN+}
   (You found it on level 2 of the Dungeon)
 l - a ring of protection from magic (right hand) {MR+, !d}
   (You found it on level 2 of the Dungeon)
Scrolls
 f - a scroll of enchant armour {unknown}
 i - a scroll of fear {unknown}
 n - a scroll of identify {unknown}
 o - a scroll of blinking {unknown}
 p - a scroll of teleportation {unknown}
Potions
 g - 2 potions of heal wounds {unknown}
 m - a potion of mutation {unknown}
Comestibles
 c - 4 rations


   Skills:
 + Level 2.9 Fighting
 - Level 1.7 Dodging
 * Level 4.8 Unarmed Combat
 - Level 2.0 Spellcasting
 + Level 3.2 Transmutations


You had 5 spell levels left.
You knew the following spells:

 Your Spells              Type           Power        Failure   Level  Hunger
t - Sticks to Snakes      Tmut           #.......     11%         2    ###....
z - Beastly Appendage     Tmut           #.....       7%          1    ##.....

Your spell library contained the following spells:

 Spells                   Type           Power        Failure   Level  Hunger
 Spider Form              Tmut/Pois      #.........   36%         3    ####...
 Ice Form                 Ice/Tmut       #.......     78%         4    #####..
 Blade Hands              Tmut           #.........   88%         5    ######.


Dungeon Overview and Level Annotations

Branches:
Dungeon (3/15)

Altars:
Gozag
Makhleb
Qazlal
Zin


Innate Abilities, Weirdness & Mutations

Your plain brown scales are hard. (AC +5)
You cannot fit into any form of body armour.
You are cold-blooded and may be slowed by cold attacks.


Message History

You hit the orc. The orc barely misses you.
You hit the orc.
You kill the orc!
You barely miss the orc. The orc hits you but does no damage.
You barely miss the orc. The orc closely misses you.
You hit the orc but do no damage. The orc barely misses you.
You hit the orc. The orc hits you but does no damage.
You hit the orc.
You kill the orc!
Things that are here:
a +0 whip; a +0 chain mail; an orc corpse You see here a +0 short sword.
d - 73 stones (gained 7)
d - 74 stones (gained 1)
You see here a stone.
You see here a stone.
Casting: Sticks to Snakes (safe; 11% risk of failure)
You create a snake!
You now have 1 arrow.
You are near starving!
You now have 3/8 mp.
Unknown command.
Your ball python bites the worm but does no damage.
Your ball python grabs the worm.
Your ball python constricts the worm.
The worm bites you!
* * * LOW HITPOINT WARNING * * *
You see here 3 stones.
You take 9 damage, and have 2/44 hp.
MASSIVE DAMAGE!!
Your ball python bites the worm.
Your ball python constricts the worm.
Your ball python bites the worm.
Your ball python constricts the worm.
You see here a stone.
Your ball python bites the worm.
Your ball python constricts the worm.
The worm struggles to escape constriction.
Your ball python bites the worm.
Your ball python constricts the worm.
Your ball python bites the worm.
Your ball python constricts the worm.
The worm struggles to escape constriction.
Your ball python bites the worm.
Your ball python constricts the worm.
The worm escapes!
Your ball python bites the worm but does no damage.
Your ball python grabs the worm.
Your ball python constricts the worm.
Your ball python bites the worm.
Your ball python constricts the worm.
Your ball python bites the worm but does no damage.
Your ball python constricts the worm.
The worm struggles to escape constriction.
Your ball python bites the worm but does no damage.
Your ball python constricts the worm.
Your ball python bites the worm.
Your ball python constricts the worm.
The worm struggles to escape constriction.
Your ball python bites the worm.
Your ball python constricts the worm.
Your ball python bites the worm but does no damage.
Your ball python constricts the worm.
The worm struggles to escape constriction.
Your ball python bites the worm.
Your ball python constricts the worm.
Your ball python bites the worm but does no damage.
Your ball python constricts the worm.
The worm bites your ball python!
Your ball python dies!
Casting: Sticks to Snakes (safe; 11% risk of failure)
You create a snake!
You now have no arrows remaining.
You now have 3/8 mp.
Your ball python bites the worm but does no damage.
Your ball python grabs the worm.
Your ball python constricts the worm.
The worm bites your ball python.
Your ball python dies!
Casting: Sticks to Snakes (safe; 11% risk of failure)
You don't have anything to turn into a snake.
Throwing (i - inventory)
d - 74 stones (quivered)
Aim: a worm (severely wounded)
You throw a stone.
The stone hits the worm but does no damage.
Throwing (i - inventory)
d - 73 stones (quivered)
Aim: a worm (severely wounded)
You throw a stone.
The stone hits the worm but does no damage.
Throwing (i - inventory)
d - 72 stones (quivered)
Aim: a worm (severely wounded)
You throw a stone. The stone hits the worm.
Throwing (i - inventory)
d - 71 stones (quivered)
Aim: a worm (severely wounded)
You throw a stone.
The stone hits the worm but does no damage.
You see here 3 stones.
Throwing (i - inventory)
d - 70 stones (quivered)
Aim: a worm (lightly wounded)
You throw a stone. The stone barely misses the worm.
Throwing (i - inventory)
d - 69 stones (quivered)
Aim: a worm (lightly wounded)
You throw a stone.
The stone hits the worm but does no damage.
Casting: Sticks to Snakes (safe; 11% risk of failure)
You don't have anything to turn into a snake.
You hit the worm. The worm bites you but does no damage.
You completely miss the worm. Your punch misses the worm. The worm bites you.
* * * LOW HITPOINT WARNING * * *
You take 4 damage, and have 4/44 hp.
You barely miss the worm. You hit the worm. The worm barely misses you.
You hit the worm. You hit the worm. The worm bites you.
You die...

....).......'....# #.#######..##
.####.......#....# #...###..).#.
.# ##########...# ##.###.###)...
.#######.......#####...#[..#.)##.
.....................#...#.......
.....###......#.##..###.###.####.
.###.# #......#.##....###...####.
.# # #......#.###.###.###......
.. #......#.@##..#...#....... .#
#########w###............. .#
########(#######.#######+ .#
.........(..(............
#########(######)########
#....w.(## #)# #........# #w# ##
#......((## #.# ..# #......(..#
#)# ...#


You could see a worm.

Vanquished Creatures
  An orc wizard (D:3)
  Terence (D:2)
  2 gnolls (D:3)
  4 adders (D:2)
  An ooze (D:2)
  2 leopard geckos
  4 orcs (D:3)
  A ball python (D:1)
  3 giant cockroaches
  9 goblins
  4 hobgoblins
  4 jackals (D:2)
  5 bats
  A frilled lizard (D:3)
  5 kobolds
  3 rats
50 creatures vanquished.

Vanquished Creatures (collateral kills)
  A gnoll (D:3)
  An adder (D:2)
  An orc (D:3)
3 creatures vanquished.

Grand Total: 53 creatures vanquished

Notes
Turn   | Place    | Note
-------+----------+-------------------------------------------
     0 | D:1      | tyvek the Draconian Transmuter began the quest for the Orb.
     0 | D:1      | Reached XP level 1. HP: 16/16 MP: 3/3
   193 | D:1      | Reached XP level 2. HP: 15/23 MP: 3/5
   404 | D:1      | Learned a level 2 spell: Sticks to Snakes
  1047 | D:2      | Reached XP level 3. HP: 23/29 MP: 3/6
  1188 | D:2      | Reached skill level 2 in Fighting
  1209 | D:2      | Found an opulent altar of Gozag.
  1256 | D:2      | Noticed Terence
  1293 | D:2      | Killed Terence
  1293 | D:2      | Reached skill level 4 in Unarmed Combat
  1293 | D:2      | Reached XP level 4. HP: 15/36 MP: 5/7
  2099 | D:3      | Reached skill level 3 in Transmutations
  2108 | D:3      | Reached XP level 5. HP: 17/42 MP: 4/8
  2522 | D:3      | HP: 10/42 [orc (2)]
  2528 | D:3      | Found a burning altar of Makhleb.
  2530 | D:3      | Found a glowing silver altar of Zin.
  2530 | D:3      | Found a stormy altar of Qazlal.
  2530 | D:3      | HP: 8/42 [orc wizard/magic dart (3)]
  2544 | D:3      | HP: 11/44 [orc/+0 dagger (4)]
  2576 | D:3      | HP: 2/44 [worm (9)]
  2624 | D:3      | HP: 4/44 [worm (5)]
  2628 | D:3      | Slain by a worm

Levels and vault maps discovered:
D:1:      dpeg_arrival_solitude, layout_basic
D:2:      layout_rooms, first_ration,
          nicolae_gozag_cash_rules_everything_around_me, uniq_terence
D:3:      layout_basic, grunt_temple_overflow_open, minmay_between

Skill      XL: |  1  2  3  4 |
---------------+-------------+-----
Fighting       | 2 |  2.9
Unarmed Combat | 4 |  4.8
Transmutations | 3 |  3.2
Dodging        | |  1.7
Spellcasting   | |  2.0

Action                   |  1- 3 |  4- 6 || total
-------------------------+-------+-------++-------
Melee: Unarmed           |    41 |       ||    41
       Tailslap          |     8 |    14 ||    22
       Kick              |     3 |     8 ||    11
       Headbutt          |     3 |     2 ||     5
       Dagger            |    48 |   114 ||   162
       Punch             |     1 |     3 ||     4
Throw: Stone             |    11 |    42 ||    53
 Cast: Beastly Appendage |     9 |     7 ||    16
       Sticks to Snakes  |     3 |     9 ||    12
  Use: Potion            |       |     2 ||     2
  Eat: Chunk             |     1 |     4 ||     5
Armor: Skin              |    29 |    59 ||    88
Dodge: Dodged            |    70 |    61 ||   131

Table legend:
 A = Non-vault XP
 B = Vault XP
 C = Vault XP percentage of total XP
 D = Non-vault monster count
 E = Vault monster count
 F = Vault count percentage of total count
                 A         B        C        D         E       F
            +---------+---------+-------+---------+---------+-------
      Total |     220 |      28 |  11.3 |      52 |       1 |   1.9
            +---------+---------+-------+---------+---------+-------
        D:1 |      30 |       0 |   0.0 |      18 |       0 |   0.0
        D:2 |      91 |      28 |  23.5 |      19 |       1 |   5.0
        D:3 |      99 |       0 |   0.0 |      15 |       0 |   0.0
            +---------+---------+-------+---------+---------+-------

Levels and vault maps discovered:
D:1:      dpeg_arrival_solitude, layout_basic
D:2:      layout_rooms, first_ration,
          nicolae_gozag_cash_rules_everything_around_me, uniq_terence
D:3:      layout_basic, grunt_temple_overflow_open, minmay_between

Table legend:
 A = Turns spent in this place as a percentage of turns spent in the entire game.
 B = Non-inter-level travel turns spent in this place as a percentage of non-inter-level travel turns spent in the entire game.
 C = Inter-level travel turns spent in this place as a percentage of turns spent in this place.
 D = Turns resting spent in this place as a percentage of non-inter-level travel turns spent in this place.
 E = Turns spent auto-exploring this place as a percentage of non-inter-level travel turns spent in this place.
 F = Non-inter-level travel turns spent in this place divided by the number of levels of this place that you've seen.
                   A       B       C       D       E      F
               +-------+-------+-------+-------+-------+----------------------
         Total | 100.0 | 100.0 |   3.6 |  26.7 |  50.4 | 844.7
       Dungeon | 100.0 | 100.0 |   3.6 |  26.7 |  50.4 | 844.7
               +-------+-------+-------+-------+-------+----------------------

Table legend:
 A = Kills in this place as a percentage of kills in entire the game.
 B = Kills by you in this place as a percentage of kills by you in the entire game.
 C = Kills by friends in this place as a percentage of kills by friends in the entire game.
 D = Other kills in this place as a percentage of other kills in the entire game.
 E = Experience gained in this place as a percentage of experience gained in the entire game.
 F = Experience gained in this place divided by the number of levels of this place that you have seen.
                   A       B       C       D       E      F
               +-------+-------+-------+-------+-------+----------------------
         Total | 100.0 | 100.0 | 100.0 |   N/A | 100.0 |  82.7
       Dungeon | 100.0 | 100.0 | 100.0 |   N/A | 100.0 |  82.7
               +-------+-------+-------+-------+-------+----------------------
